 Dungeon Crawl Stone Soup version 0.20.1-1-g8b1a95d (console) character file.

49 hilaritas the Chopper (level 3, -1/49 HPs)
             Began as a Minotaur Berserker on Feb 23, 2018.
             Was a Believer of Trog.
             Splashed by a jelly's acid (3 damage)
             ... on level 1 of the Dungeon.
             The game lasted 00:02:24 (1162 turns).

hilaritas the Chopper (Minotaur Berserker)          Turns: 1162, Time: 00:02:25

Health: -1/49      AC: -2    Str: 26    XL:     3   Next: 51%
Magic:  2/2        EV: 11    Int:  5    God:    Trog [**....]
Gold:   30         SH:  0    Dex:  9    Spells: 2/2 levels left

rFire    . . .     SeeInvis .   a - +0 hand axe
rCold    . . .     Gourm    .   (no shield)
rNeg     . . .     Faith    .   i - +0 ring mail
rPois    .         Spirit   .   (helmet restricted)
rElec    .         Reflect  .   (no cloak)
rCorr    .         Harm     .   (no gloves)
MR       ++...                  (no boots)
Stlth    ..........             e - amulet of inaccuracy (curse)
Regen    1.2/turn               (no ring)
MPRegen  0.1/turn               (no ring)

@: berserking, corroded, regenerating, very quick
A: retaliatory headbutt, horns 2
a: Berserk, Trog's Hand, Burn Spellbooks, Renounce Religion


You were on level 1 of the Dungeon.
You worshipped Trog.
Trog was pleased with you.
You were very hungry.

You visited 1 branch of the dungeon, and saw 1 of its levels.

You collected 30 gold pieces.

Inventory:

Hand Weapons
 a - a +0 hand axe (weapon)
Missiles
 k - 4 tomahawks (quivered)
Armour
 i - a +0 ring mail (worn)
Jewellery
 e - a cursed amulet of inaccuracy (around neck)
 j - an uncursed ring of fire
Scrolls
 d - a scroll of identify
Comestibles
 c - 2 bread rations
 f - 3 chunks of flesh
 g - 2 royal jellies
 h - a meat ration


   Skills:
 + Level 4.2 Fighting
 * Level 5.0 Axes
 + Level 2.7 Armour
 - Level 2.1 Dodging


You had 2 spell levels left.
You didn't know any spells.

Dungeon Overview and Level Annotations

Branches:
Dungeon (1/15)

Altars:


Innate Abilities, Weirdness & Mutations

You reflexively headbutt those who attack you in melee.
You have a pair of horns on your head.


Message History

The jelly is heavily wounded.
You feel the effects of Trog's Hand fading.
The jelly misses you. The jelly hits you.
You are splashed with acid!
The acid burns!
* * * LOW HITPOINT WARNING * * *
Unknown command.
You feel better. The jelly hits you.
You are splashed with acid!
The acid burns!
A red film seems to cover your vision as you go berserk!
You feel yourself moving faster!
You feel mighty!
You are feeling very hungry.
The jelly hits you.
You are splashed with acid!
The acid burns!
* * * LOW HITPOINT WARNING * * *
Unknown command.
You are too berserk!
You are too berserk!
You barely miss the jelly. You headbutt the jelly.
The jelly is heavily wounded.
You hit the jelly.
Your hands burn!
You die...

#####.# # ### #.# ###########
..###.## ########..........
#.##...#########.................
#.#..............###'#######'###.
........########.#..⌠...>...⌠..#.
#........# #.#......<......#.
#####.#.## #JJJ....###....⌠'.
#.### #r#.....Jr......#. ##'##
#J#######r#######. ##...##
#@#.....h.......#. ##.....##
##.#.............#. ##.......##
##..#.............#.
#[........####..)###############.
'.........'...÷...(..............
#.........##.#...##.#####.#....##
##.......###.....##.# #........
##.....## #.######.# ###.#####
##...## #........# #.# ##'##
#.######## #.# #.# #.# #.#


You could see a jelly, 2 oozes and a rat.

Vanquished Creatures
  An adder (D:1)
  4 dart slugs (D:1)
  2 leopard geckos (D:1)
  A ball python (D:1)
  3 bats (D:1)
  2 giant cockroaches (D:1)
  3 goblins (D:1)
  5 hobgoblins (D:1)
  A jackal (D:1)
  2 frilled lizards (D:1)
  2 kobolds (D:1)
  2 rats (D:1)
28 creatures vanquished.

Notes
Turn   | Place    | Note
-------+----------+-------------------------------------------
     0 | D:1      | hilaritas the Minotaur Berserker began the quest for the Orb.
     0 | D:1      | Reached XP level 1. HP: 19/19 MP: 0/0
     1 | D:1      | Found a runed door.
     2 | D:1      | Noticed a jelly
   149 | D:1      | Reached skill level 4 in Axes
   225 | D:1      | Reached XP level 2. HP: 27/27 MP: 1/1
   853 | D:1      | Reached ** piety under Trog
   853 | D:1      | Reached XP level 3. HP: 33/33 MP: 2/2
  1141 | D:1      | Reached skill level 5 in Axes
  1146 | D:1      | HP: 1/33 [acid (10)]
  1160 | D:1      | HP: 1/49 [acid (9)]
  1162 | D:1      | Splashed by a jelly's acid

Skill      XL: |  1  2  3 |
---------------+----------+-----
Axes           | 4 5 |  5.0
Fighting       | 4 |  4.2
Armour         | |  2.7
Dodging        | |  2.1

Action                   || total
-------------------------++-------
Melee: Hand axe          ||    90
       Headbutt          ||    10
Throw: Tomahawk          ||     2
Invok: Berserk           ||     1
       Trog's Hand       ||     1
  Use: Scroll            ||     3
       Potion            ||     2
  Eat: Chunk             ||     1
Armor: Ring mail         ||    38
       Animal skin       ||     1
Dodge: Dodged            ||    63
